Map: Récif abyssal EC

Players

diamadoshi - Winner!

  • Race: Terran Terran
  • League: Diamond
  • Spawn Location: 5:00

MonnaGroove

  • Race: Protoss Protoss
  • League: Diamond
  • Spawn Location: 11:00

VOD

Have the link to the VOD?

Description

Time

  • Played on: Jan. 14, 2018, 11:59 a.m.
  • Length: 18:53
Show
View Real Time Build Order
Export as new Build Order

diamadoshi Terran - Winner!

Build Orders: MMM Bio 

Get SALT Encoding   

  12  0:01  SCV  
  13  0:13  SCV  
  14  0:19  Supply Depot  
  14  0:25  SCV  
  15  0:41  SCV  
  15  0:42  Barracks  
  16  0:47  Refinery  
  16  0:53  SCV  
  17  1:05  SCV  
  18  1:17  SCV  
  19  1:33  Orbital Command  
  19  1:53  Command Center  
  19  1:58  Factory  
  18  2:02  Marine  
  19  2:15  Bunker  
  19  2:20  SCV  
  19  2:21  Supply Depot  
  20  2:25  Marine  
  21  2:32  SCV  
  22  2:44  SCV  
  22  2:49  Widow Mine  
  22  2:51  Marine  
  26  2:52  Starport  
  26  3:00  SCV  
  28  3:07  Orbital Command  
  28  3:12  SCV  
  28  3:17  Widow Mine  
  28  3:18  Marine  
  31  3:24  SCV  
  32  3:30  Viking  
  34  3:36  SCV  
  34  3:38  SCV, Refinery, Supply Depot  
  36  3:46  Widow Mine  
  38  3:49  Barracks Reactor  
  38  3:50  SCV x2  
  41  4:02  SCV  
  41  4:03  SCV  
  41  4:15  SCV x2  
  43  4:18  Factory Tech Lab  
  43  4:26  Barracks  
  43  4:27  SCV, Barracks  
  43  4:28  Engineering Bay  
  43  4:31  SCV  
  45  4:35  Supply Depot  
  45  4:36  Barracks Tech Lab  
  45  4:37  Siege Tank  
  48  4:39  SCV  
  48  4:43  SCV  
  50  4:51  SCV  
  51  4:55  SCV, Supply Depot  
  51  4:57  Terran Infantry Weapons Level 1  
  52  5:01  Stimpack  
  52  5:04  SCV  
  53  5:07  SCV  
  54  5:16  SCV  
  55  5:22  SCV  
  55  5:28  SCV, Supply Depot  
  57  5:30  Supply Depot  
  57  5:32  Combat Shields  
  57  5:34  SCV, Starport Reactor  
  58  5:36  Factory Reactor  
  58  5:40  SCV, Refinery  
  59  5:43  Refinery  
  59  5:46  SCV, Marauder  
  59  5:47  Marine x2, Marauder  
  66  5:52  SCV  
  66  5:56  Supply Depot  
  67  5:58  SCV, Supply Depot  
  67  6:00  Supply Depot  
  68  6:04  SCV  
  68  6:05  Marine x2  
  71  6:12  Medivac  
  71  6:14  Marine x2  
  71  6:16  Medivac  
  77  6:23  Marine x2  
  77  6:25  Liberator  
  79  6:29  Widow Mine x2  
  79  6:32  Marine x2  
  85  6:40  Marine  
  85  6:41  Marine  
  90  6:50  Marine  
  90  6:51  Widow Mine, Marauder  
  95  6:55  Widow Mine  
  95  6:58  Marine x2  
  99  7:01  Command Center  
  99  7:08  Marauder  
  101  7:12  Widow Mine, Marauder  
  105  7:16  Marine x2  
  105  7:17  Supply Depot x2  
  105  7:18  Widow Mine  
  105  7:22  Terran Infantry Armor Level 1  
  109  7:23  Concussive Shells  
  109  7:27  Barracks x2  
  109  7:34  Marine  
  110  7:39  Widow Mine, Marauder x2  
  116  7:48  Marine  
  109  7:52  Marine  
  97  8:00  Marauder  
  97  8:01  Marauder  
  96  8:06  Marine  
  96  8:09  Marine  
  82  8:22  Marauder x2  
  82  8:24  Widow Mine x2, Marine  
  82  8:26  Medivac x2  
  95  8:27  Marine  
  95  8:29  Orbital Command  
  95  8:32  SCV x2  
  98  8:43  Marauder x2, Barracks Tech Lab, Barracks Reactor  
  98  8:44  SCV x2  
  98  8:45  Widow Mine  
  103  8:50  Liberator  
  88  8:56  Medivac  
  88  8:58  Marine x2  
  88  9:00  Widow Mine  
  91  9:05  Marauder x3  
  91  9:08  Widow Mine  
  91  9:09  Liberator  
  102  9:16  Marine x2  
  104  9:17  SCV x3  
  104  9:21  Widow Mine  
  104  9:22  Marine x2  
  111  9:26  Marauder x2, Marine  
  119  9:34  Command Center, Marine x2  
  119  9:38  Engineering Bay  
  121  9:40  Liberator, Marine x2  
  121  9:41  Widow Mine, Armory  
  121  9:45  Marauder  
  127  9:47  Marauder x2  
  127  9:52  Marine x2  
  133  9:57  Widow Mine  
  133  9:58  Marine x2  
  140  10:08  Widow Mine, Marauder, Marine  
  140  10:09  Marauder, Marine  
  140  10:10  Marine  
  140  10:14  Supply Depot  
  149  10:15  Supply Depot  
  149  10:35  SCV x2, Marine x2, Medivac  
  157  10:36  SCV, Marauder, Marine x2  
  157  10:37  Widow Mine x2  
  164  10:45  Medivac  
  164  10:46  Marauder x2  
  167  10:54  Marine x2  
  167  10:57  Marauder  
  167  11:00  Liberator x2  
  167  11:03  Marine x2  
  160  11:07  Marauder x2  
  141  11:12  Marine x2  
  141  11:17  Widow Mine x2  
  149  11:18  Marauder  
  149  11:21  Marine x2  
  148  11:29  Marauder x2, Planetary Fortress  
  148  11:30  Marine x2  
  140  11:36  Terran Infantry Weapons Level 2  
  140  11:39  Marine  
  127  11:40  Marauder  
  121  11:50  Marauder  
  117  11:55  Refinery  
  117  11:56  Refinery  
  117  12:00  Starport  
  117  12:05  Marine x3, Barracks, Marauder x2  
  117  12:06  Marine  
  117  12:08  Widow Mine x2, Barracks  
  127  12:10  Medivac x2  
  127  12:11  Marauder  
  130  12:23  Marine  
  130  12:25  Marine x3  
  130  12:27  Marauder x2, Terran Infantry Armor Level 2  
  138  12:33  Marauder  
  140  12:41  Marine  
  140  12:43  SCV x3, Marine x2, Supply Depot  
  140  12:44  Supply Depot  
  146  12:48  Marauder x2  
  146  12:50  Widow Mine x2  
  146  12:51  Medivac x2  
  156  12:52  Marine  
  156  12:54  Marauder, Starport Reactor  
  156  12:55  SCV x2  
  163  12:59  Marine, Barracks Tech Lab  
  163  13:00  Barracks Reactor  
  163  13:01  Marine  
  163  13:02  Marine  
  165  13:09  Marine x3  
  164  13:15  Marauder  
  164  13:17  Marine  
  164  13:18  Marine  
  168  13:20  Marine  
  168  13:21  Marauder  
  168  13:22  Widow Mine x2  
  175  13:27  Marauder x2, Marine  
  176  13:35  Marine  
  176  13:36  Marine x2  
  176  13:37  Marine  
  176  13:40  Marine x2  
  178  13:42  Marauder  
  178  13:45  Marine  
  181  13:49  Marauder x2  
  181  13:53  Marine  
  181  13:54  Marine  
  181  13:55  Marauder, Marine  
  186  14:04  Marauder  
  176  14:10  Marauder  
  176  14:12  Marine x3  
  176  14:13  Marauder, Marine x3  
  176  14:15  Widow Mine x2  
  176  14:16  Marauder, Medivac x2  
  196  14:29  Medivac x2  
  196  14:30  Marine  
  195  14:31  Marine  
  195  14:33  Marine  
  195  14:36  Marine  
  195  14:38  Marauder, Marine  
  196  14:39  Marine  
  196  14:41  Marauder  
  196  14:42  Marauder x2  
  189  14:46  Medivac  
  189  14:48  Marine  
  189  14:49  Marine  
  189  14:51  Marine  
  169  14:54  Marine  
  168  14:56  Marine  
  168  14:57  Marine  
  168  14:59  Marauder  
  168  15:03  Marauder x2  
  168  15:04  Marauder  
  168  15:06  Marine  
  168  15:21  Marauder  
  168  15:24  Marauder  
  168  15:25  Marauder x2  
Show
View Real Time Build Order
Export as new Build Order

MonnaGroove Protoss 

Build Orders: 1 Gate Expand 

Get SALT Encoding   

  12  0:01  Probe  
  13  0:13  Probe  
  14  0:19  Pylon  
  14  0:25  Probe  
  15  0:37  Probe  
  15  0:42  Gateway  
  16  0:49  Assimilator, Probe  
  17  1:01  Probe  
  18  1:13  Probe  
  19  1:34  Nexus  
  19  1:42  Cybernetics Core  
  19  1:47  Probe  
  19  1:52  Pylon  
  19  1:53  Assimilator  
  20  2:04  Probe  
  21  2:16  Stalker (Chrono Boost), Probe  
  21  2:19  Warp Gate  
  24  2:29  Pylon  
  24  2:39  Robotics Facility  
  24  2:40  Stalker (Chrono Boost)  
  26  2:48  Probe (Chrono Boost)  
  26  2:50  Probe (Chrono Boost)  
  28  3:01  Probe (Chrono Boost)  
  28  3:03  Probe (Chrono Boost)  
  30  3:05  Pylon  
  30  3:06  Probe (Chrono Boost)  
  31  3:13  Shield Battery  
  31  3:16  Stalker (Chrono Boost)  
  33  3:20  Observer, Probe  
  33  3:23  Probe  
  36  3:32  Probe  
  37  3:35  Probe  
  38  3:44  Shield Battery  
  38  3:47  Pylon  
  38  3:51  Immortal  
  38  3:52  Sentry (Chrono Boost)  
  44  3:56  Probe  
  44  3:58  Probe  
  46  4:08  Probe  
  47  4:10  Probe  
  47  4:11  Gateway  
  48  4:20  Forge, Probe  
  48  4:23  Probe  
  50  4:27  Stalker  
  52  4:32  Probe  
  53  4:48  Probe  
  54  4:53  Twilight Council  
  54  4:56  Protoss Ground Weapons Level 1 (Chrono Boost)  
  54  5:00  Immortal  
  54  5:01  Gateway  
  54  5:05  Probe  
  54  5:07  Probe  
  60  5:11  Shield Battery  
  60  5:15  Assimilator  
  60  5:17  Assimilator, Probe  
  60  5:20  Charge  
  61  5:29  Gateway  
  61  5:42  Templar Archives  
  61  5:44  Probe  
  61  5:48  Probe  
  63  5:51  Nexus  
  63  5:54  Pylon  
  63  5:56  Probe  
  64  5:57  Pylon  
  64  6:00  Probe  
  65  6:04  Zealot x2  
  69  6:12  Psionic Storm  
  69  6:19  Gateway  
  69  6:20  Gateway  
  69  6:22  Pylon  
  69  6:28  High Templar  
  69  6:30  Zealot x3  
  77  6:35  Observer  
  77  6:39  Photon Cannon  
  78  6:49  Probe x2  
  78  6:51  High Templar  
  78  6:52  Zealot x2  
  86  6:56  Observer  
  86  7:01  Probe x2  
  89  7:03  Observer, Protoss Ground Armor Level 1  
  89  7:07  Forge  
  89  7:11  Probe  
  89  7:13  Probe x2  
  89  7:14  Forge  
  89  7:15  Zealot x2  
  96  7:17  High Templar  
  96  7:18  Observer  
  99  7:24  Probe  
  100  7:33  Stargate  
  100  7:36  Probe  
  101  7:41  Shield Battery  
  100  7:48  Probe  
  80  8:00  Archon, Probe  
  80  8:01  Zealot x5  
  80  8:03  Zealot  
  87  8:12  Probe  
  73  8:21  Stalker  
  73  8:22  Stalker x4  
  73  8:23  Stalker  
  73  8:25  Probe x2  
  73  8:26  Probe  
  87  8:37  Probe  
  87  8:38  Probe x2  
  90  8:45  High Templar x3  
  92  8:49  Probe  
  92  8:50  Probe x2  
  85  9:01  Assimilator, Probe  
  86  9:05  Assimilator  
  86  9:07  High Templar, Zealot  
  86  9:08  Zealot  
  86  9:09  Shield Battery  
  90  9:11  Shield Battery  
  90  9:20  Probe x3  
  93  9:28  Observer  
  93  9:29  Nexus  
  93  9:31  Pylon  
  93  9:32  Probe x2  
  93  9:34  Protoss Ground Weapons Level 2, Fleet Beacon, Pylon  
  93  9:35  Protoss Ground Armor Level 2  
  95  9:41  Zealot x3  
  95  9:42  Zealot  
  95  9:43  Probe  
  104  9:48  Probe x2  
  106  9:54  Observer  
  107  10:13  Stalker x2  
  107  10:14  Stalker  
  113  10:15  Observer  
  113  10:16  Assimilator  
  113  10:19  Shield Battery  
  114  10:22  Shield Battery  
  114  10:23  Assimilator  
  114  10:24  Zealot x3  
  114  10:26  Photon Cannon  
  112  10:34  Probe  
  109  10:35  Pylon  
  109  10:42  High Templar  
  111  10:43  Zealot x2  
  111  10:46  Probe  
  112  10:55  Stalker  
  112  10:56  Stalker x2  
  110  11:09  Archon x2  
  110  11:10  Stalker  
  110  11:11  Zealot  
  95  11:21  Zealot x2  
  95  11:22  Zealot x2  
  79  11:32  Zealot  
  66  11:34  Zealot  
  66  11:36  Probe x3  
  56  11:47  Stalker, Zealot x3  
  56  11:48  Probe x3  
  56  11:54  Stalker  
  69  11:56  Stalker  
  69  11:57  Probe  
  69  12:00  Probe x2 (Chrono Boost)  
  69  12:01  Probe (Chrono Boost)  
  73  12:10  Probe (Chrono Boost)  
  73  12:13  Probe (Chrono Boost)  
  73  12:14  Probe (Chrono Boost)  
  77  12:18  Probe (Chrono Boost)  
  77  12:20  Probe (Chrono Boost)  
  77  12:21  High Templar x3, Probe (Chrono Boost)  
  77  12:22  High Templar x2, Probe (Chrono Boost)  
  88  12:23  High Templar  
  88  12:25  Probe x2 (Chrono Boost)  
  88  12:26  Probe  
  95  12:36  Probe  
  95  12:37  Probe  
  97  12:56  Stalker  
  97  12:57  Stalker x2  
  93  13:08  Zealot  
  93  13:09  Zealot x2  
  95  13:14  Probe  
  95  13:15  Probe x3  
  97  13:26  Probe  
  96  13:27  Probe x3, Zealot x3  
  105  13:38  Probe  
  105  13:39  Probe x2  
  97  13:43  Stalker  
  97  13:44  Stalker  
  95  13:54  High Templar x4  
  89  14:15  Stalker  
  89  14:17  High Templar  
Tags
 
Add a new tag
Caveats
  • Supply blocks, unpowered buildings, or Contaminate may cause inaccurate times.
  • Supply counts are checked every 10 seconds.